cohdb
Replays
Latest Replays
All Replays
Popular Replays
Top Player Replays
Match Explorer
How It Works
Community
CoH3 Stats
Reddit
Sign in to upload your games and track your stats! →
Sign in with Steam
Match 45683340
Unlisted
Match 45683340
Overview
Messages
Build Orders
End
Selects Italian Combined Arms Battlegroup
Selects Bersaglieri Squad
Bersaglieri Squad
Kradschützen Motorcycle Team
Bersaglieri Squad
250 Light Carrier
Construct Light Support Kompanie
Bersaglieri Squad
Selects Bersaglieri Bolster
Bersaglieri Squad
Construct Mechanized Kompanie
Panzerjäger Mechanized Group
Selects Breda Model 30 Light Machine Guns
Construct Panzerarmee Kommand
Walking Stuka Rocket Launcher
Panzer III L Medium Tank
Panzer III L Medium Tank
Walking Stuka Rocket Launcher
Selects Semovente da 75/18 Assault Gun
Selects Strafing Run
Selects Artillery Cover
TRBC-97M
🍊 L'Orange Décérébrée🍊
Akahige
Phelum
Alex Fawksson
Artanis_kir
Seth
✙San
0
0
Comments
sign in to comment!
No comments posted yet!